 Dungeon Crawl Stone Soup version 0.21-a0-426-g98080a9 (webtiles) character file.

134 kae the Covered (level 4, 0/41 HPs)
             Began as a Minotaur Fighter on Nov 6, 2017.
             Succumbed to a scorpion's poison
             ... on level 2 of the Dungeon.
             The game lasted 00:00:35 (773 turns).

kae the Covered (Minotaur Fighter)                   Turns: 773, Time: 00:00:36

Health: 0/41       AC:  7    Str: 27    XL:     4   Next: 95%
Magic:  3/3        EV:  7    Int:  5    God:
Gold:   72         SH: 10    Dex:  9    Spells: 3/3 levels left

rFire    + . .     SeeInvis .   a - +0 long sword
rCold    + . .     Gourm    .   c - +0 shield
rNeg     . . .     Faith    .   b - +0 scale mail
rPois    +         Spirit   .   (helmet restricted)
rElec    +         Reflect  .   (no cloak)
rCorr    +         Harm     .   (no gloves)
MR       .....                  (no boots)
Stlth    ..........             (no amulet)
HPRegen  0.13/turn              (no ring)
MPRegen  0.08/turn              (no ring)

@: mighty, lethally poisoned (0 -> -5), resistant, slowed, very slow
A: retaliatory headbutt, horns 2
a: no special abilities


You were on level 2 of the Dungeon.
You were not hungry.

You visited 1 branch of the dungeon, and saw 2 of its levels.

You collected 72 gold pieces.

Inventory:

Hand Weapons
 a - a +0 long sword (weapon)
Armour
 b - a +0 scale mail (worn)
 c - a +0 shield (worn)
Jewellery
 k - an uncursed ring of magical power {unknown}
Scrolls
 g - a scroll of amnesia {unknown}
 i - a scroll of recharging {unknown}
 j - a scroll of immolation {unknown}
 l - a scroll of teleportation {unknown}
 n - a scroll of blinking {unknown}
Potions
 e - 2 potions of flight {unknown}
 o - 2 potions of heal wounds {unknown}
 p - a potion of lignification {unknown}
Comestibles
 f - a bread ration
 h - 4 royal jellies


   Skills:
 + Level 4.4 Fighting
 * Level 4.3 Long Blades
 + Level 4.4 Armour
 + Level 4.4 Shields


You had 3 spell levels left.
You didn't know any spells.

Dungeon Overview and Level Annotations

Branches:
Dungeon (2/15)

Altars:


Innate Abilities, Weirdness & Mutations

You reflexively headbutt those who attack you in melee.
You have a pair of horns on your head.


Message History

You block Natasha's attack.
You feel very mighty all of a sudden.
You feel sick. Natasha barely misses you. You furiously retaliate!
You headbutt Natasha. Natasha claws you.
* * * LOW HITPOINT WARNING * * *
You slash Natasha!
You kill Natasha!
Moaning pathetically, Natasha's spirit plunges into the ground.
You have reached level 4!
You feel stronger.
You feel sick. The scorpion stings you!
* * * LOW HITPOINT WARNING * * *
You slice the scorpion!!
You kill the scorpion!
Your Long Blades skill increases to level 4!
* * * LOW HITPOINT WARNING * * *
You feel sick.
It was a potion of resistance.
You feel protected.
You die...

#..............#
.........#####.#
.###.....# .
###'######### #
#..†......#
#########.# #.#
#.#### #..@.#
####†# #..†.#
#.....#..
#.##5.#.## #5.
..# #.. ..# #.
... #. ..##


There were no monsters in sight!

Vanquished Creatures
  A scorpion (D:2)
  Natasha (D:2)
  A gnoll (D:1)
  An adder (D:2)
  4 leopard geckos
  2 giant cockroaches (D:1)
  2 goblins (D:1)
  7 hobgoblins
  3 bats
  5 frilled lizards
  6 kobolds
  7 rats
40 creatures vanquished.

Notes
Turn   | Place    | Note
-------+----------+-------------------------------------------
     0 | D:1      | kae the Minotaur Fighter began the quest for the Orb.
     0 | D:1      | Reached XP level 1. HP: 19/19 MP: 0/0
   131 | D:1      | Reached XP level 2. HP: 24/27 MP: 1/1
   528 | D:1      | Reached XP level 3. HP: 33/33 MP: 2/2
   762 | D:2      | Noticed Natasha
   762 | D:2      | Noticed a scorpion
   771 | D:2      | Killed Natasha
   771 | D:2      | Reached XP level 4. HP: 11/40 MP: 3/3
   771 | D:2      | HP: 2/40 [scorpion (8)]
   773 | D:2      | Succumbed to a scorpion's poison

Vault maps used:
D:1:      minmay_arrival_loop
D:2:      nemelex_diamond_rough_becter, uniq_crazy_yiuf_cottage, uniq_natasha

Skill      XL: |  1  2  3  4 |
---------------+-------------+-----
Long Blades    | 3 4 |  4.3
Fighting       | 4 |  4.4
Armour         | 4 |  4.4
Shields        | 4 |  4.4

Action                   |  1- 3 |  4- 6 || total
-------------------------+-------+-------++-------
Melee: Long sword        |    89 |     1 ||    90
       Headbutt          |    10 |       ||    10
  Use: Potion            |     1 |     1 ||     2
Armor: Scale mail        |    27 |       ||    27
Dodge: Dodged            |    36 |       ||    36
Block: Shield            |    50 |       ||    50
       Rpst.: Long sword |    10 |       ||    10

Table legend:
 A = Spawn XP
 B = Non-spawn XP
 C = Spawn XP percentage of total XP
 D = Spawn monster count
 E = Non-spawn monster count
 F = Spawn count percentage of total count
 G = Total turns spent on level
                    A         B        C        D         E        F      G
               +---------+---------+-------+---------+---------+-------+---------
         Total |       0 |     192 |   0.0 |       0 |      40 |   0.0 |   773
               +---------+---------+-------+---------+---------+-------+---------
           D:1 |       0 |      51 |   0.0 |       0 |      27 |   0.0 |   666
           D:2 |       0 |     141 |   0.0 |       0 |      13 |   0.0 |   107
               +---------+---------+-------+---------+---------+-------+---------
